Map: Pylon LE

Players

ManlyManMeat

  • Race: Zerg Zerg
  • League: Diamond
  • Spawn Location: 5:00

Eiszeit - Winner!

  • Race: Zerg Zerg
  • League: Diamond
  • Spawn Location: 11:00

VOD

Have the link to the VOD?

Description

Time

  • Played on: July 13, 2025, 4:37 p.m.
  • Length: 4:55
Show
View Real Time Build Order
Export as new Build Order

ManlyManMeat Zerg 

Build Orders: Hatch First 

Get SALT Encoding   

  12  0:00  Drone  
  13  0:08  Drone  
  14  0:15  Drone, Extractor  
  15  0:21  Overlord  
  15  0:41  Drone  
  16  0:50  Drone, Hatchery  
  16  0:54  Drone  
  17  0:58  Drone  
  18  1:10  Extractor  
  17  1:14  Spawning Pool  
  17  1:17  Drone  
  17  1:20  Drone  
  18  1:35  Drone  
  18  1:37  Drone  
  20  2:02  Zergling x4  
  20  2:04  Overlord  
  20  2:06  Queen x2  
  26  2:10  Drone  
  26  2:14  Metabolic Boost  
  27  2:23  Zergling x4  
  29  2:33  Baneling Nest  
  28  2:48  Zergling x10  
  33  3:03  Overlord x2  
  33  3:13  Zergling x4  
  33  3:18  Zergling x2  
  36  3:21  Baneling x5  
  36  3:24  Zergling x8  
  40  3:27  Baneling  
  40  3:40  Zergling x8  
  40  3:41  Zergling x2  
  42  3:47  Zergling x4  
  38  4:01  Zergling x2  
  38  4:02  Zergling x6  
  41  4:06  Zergling x4  
  38  4:13  Zergling x4  
  37  4:27  Zergling x4  
  37  4:30  Zergling x2  
  36  4:38  Zergling x2  
Show
View Real Time Build Order
Export as new Build Order

Eiszeit Zerg - Winner!

Build Orders: Hatch First 

Get SALT Encoding   

  12  0:00  Drone  
  13  0:09  Drone  
  14  0:15  Drone, Extractor  
  15  0:38  Hatchery  
  15  0:42  Overlord  
  14  0:47  Drone, Extractor  
  14  1:02  Drone  
  15  1:09  Spawning Pool  
  14  1:13  Drone  
  14  1:15  Drone  
  16  1:27  Drone x2  
  18  1:36  Drone  
  19  1:56  Queen x2  
  23  2:05  Drone  
  24  2:11  Roach Warren  
  24  2:12  Drone  
  24  2:16  Drone  
  25  2:22  Metabolic Boost  
  25  2:27  Zergling x2  
  26  2:30  Zergling x2  
  27  2:51  Overlord  
  27  2:52  Overlord  
  26  3:10  Roach x6  
  38  3:13  Roach  
  38  3:15  Roach  
  38  3:18  Zergling x2  
  43  3:23  Overlord  
  40  3:46  Roach  
  40  3:47  Roach x3  
  47  3:49  Drone x3  
  48  4:03  Drone x3  
  48  4:04  Drone  
  48  4:19  Evolution Chamber  
  48  4:22  Evolution Chamber  
  48  4:24  Ravager  
  41  4:26  Roach  
  43  4:31  Zergling x2  
  43  4:32  Zergling x8  
  48  4:39  Extractor  
  48  4:41  Drone  
  48  4:48  Extractor  
  48  4:51  Ravager  
Tags
 
Matchup
ZvZ
Race
Zerg
Replay Pack
Myownreplay2
Spawn Locations
Cross Positions
Add a new tag
Caveats
  • Supply blocks, unpowered buildings, or Contaminate may cause inaccurate times.
  • Supply counts are checked every 10 seconds.